 Seeded DCSS version 0.29.0-7-g18a832c13a (webtiles) character file.

Game seed: 1 (custom seed)

53120 Kazon the Basher (level 13, 0/116 HPs)
             Began as a Demigod Fighter on Aug 30, 2022.
             Slain by a redback (3 damage)
             ... on level 1 of the Spider Nest on Aug 31, 2022.
             The game lasted 01:15:35 (13726 turns).

Kazon the Basher (Demigod Fighter)                 Turns: 13726, Time: 01:15:35

Health: 0/116      AC: 14    Str: 29    XL:     13   Next: 97%
Magic:  16/16      EV:  8    Int: 10    God:
Gold:   1211       SH: 12    Dex: 17    Spells: 12/12 levels left

rFire   . . .      SeeInvis .   s - +3 falchion of Winter {venom, rCorr}
rCold   . . .      Faith    .   c - +2 kite shield
rNeg    . . .      Spirit   .   M - +0 plate armour
rPois   +          Reflect  .   t - +0 helmet
rElec   +          Harm     .   T - +0 cloak
rCorr   +          Rampage  +   o - +0 pair of gloves of the Wasteland {Rampage Slay+3}
Will    ++...                   r - +2 pair of boots
Stlth   ..........              O - amulet of regeneration
HPRegen 0.00/turn               L - ring of poison resistance
MPRegen 0.15/turn               D - ring of Propriety {Fly rElec Will+}

@: corroded, flying, inhibited regen, studying Maces & Flails
A: high MP 1, forlorn, divine attributes, inhibited regeneration
a: no special abilities


You were on level 1 of the Spider Nest.
You visited 3 branches of the dungeon, and saw 18 of its levels.

You collected 1395 gold pieces.
You spent 184 gold pieces at shops.

Inventory:

Hand Weapons
 e - a +2 dagger of venom
 q - the +6 shillelagh "Devastator" {shatter}
   (You found it on level 6 of the Dungeon)

   It releases a powerful concussive burst when it strikes, dealing extra damage
   to the target and all other foes adjacent to them.
 s - the +3 falchion of Winter (weapon) {venom, rCorr}
   (You bought it in a shop on level 3 of the Dungeon)

   It poisons the flesh of those it strikes.
   rCorr:     It protects you from acid and corrosion.
 v - a +1 demon whip of protection
Missiles
 j - 32 stones
 l - 18 poisoned darts (quivered)
 n - 11 boomerangs
 B - 3 boomerangs of dispersal
 G - a throwing net
 J - a curare-tipped dart
 Y - 3 atropa-tipped darts
 Z - 6 javelins
Armour
 c - a +2 kite shield (worn)
 o - the +0 pair of gloves of the Wasteland (worn) {Rampage Slay+3}
   (You acquired it on level 1 of the Dungeon)

   Slay:      It affects your accuracy & damage with ranged weapons and melee
   (+3).
   Rampage:   It bestows one free step when moving towards enemies.
 r - a +2 pair of boots (worn)
 t - a +0 helmet (worn)
 M - a +0 plate armour (worn)
 T - a +0 cloak (worn)
Jewellery
 D - the ring of Propriety (right hand) {Fly rElec Will+}
   (You found it on level 5 of the Lair of Beasts)

   [ring of flight]

   rElec:     It insulates you from electricity.
   Fly:       It grants you flight.
   Will:      It increases your willpower.
 L - a ring of poison resistance (left hand)
 O - an amulet of regeneration (around neck)
Wands
 w - a wand of flame (25)
 y - a wand of mindburst (17)
 X - a wand of paralysis (3)
Scrolls
 a - 6 scrolls of fear {unknown}
 i - a scroll of identify
 m - 4 scrolls of fog {unknown}
 p - 2 scrolls of immolation {unknown}
 u - 2 scrolls of amnesia {unknown}
 x - 4 scrolls of vulnerability {unknown}
 A - 6 scrolls of blinking {unknown}
 H - 2 scrolls of poison {unknown}
 I - 6 scrolls of teleportation
 P - 4 scrolls of enchant weapon {unknown}
 R - a scroll of enchant armour {unknown}
 V - a scroll of noise {unknown}
 W - a scroll of torment {unknown}
Potions
 b - a potion of cancellation
 d - 3 potions of might
 g - 4 potions of haste
 z - 4 potions of ambrosia
 C - 3 potions of heal wounds
 E - a potion of berserk rage
 F - 3 potions of curing
 Q - a potion of lignification
 S - 2 potions of invisibility
 U - a potion of resistance


   Skills:
 * Level 11.4 Fighting
 + Level 0.5(5.4) Short Blades
 + Level 8.6(8.7) Long Blades
 + Level 12.3 Maces & Flails
 + Level 6.3 Throwing
 + Level 10.0 Armour
 + Level 4.4 Dodging
 + Level 2.7 Stealth
 + Level 5.7 Shields
 * Level 9.9 Evocations


You had 12 spell levels left.
You didn't know any spells.
Your spell library contained the following spells:

 Spells                   Type           Power      Damage    Failure   Level
 Apportation              Tloc           0%         N/A       100%        1
 Magic Dart               Conj           0%         1d3       100%        1
 Necrotise                Necr           0%         1d4       100%        1
 Sting                    Tmut/Pois      0%         1d3       100%        1
 Summon Small Mammal      Summ           0%         N/A       100%        1
 Call Imp                 Summ           0%         N/A       100%        2
 Ensorcelled Hibernation  Hex/Ice        0%         N/A       100%        2
 Poisonous Vapours        Pois/Air       0%         N/A       100%        2
 Dazzling Flash           Conj/Hex       0%         N/A       100%        3
 Ignite Poison            Fire/Tmut/Pois 0%         N/A       100%        3
 Mephitic Cloud           Conj/Pois/Air  0%         N/A       100%        3
 Spider Form              Tmut/Pois      0%         N/A       100%        3
 Stone Arrow              Conj/Erth      0%         3d7       100%        3
 Anguish                  Hex/Necr       0%         N/A       100%        4
 Animate Armour           Summ/Erth      0%         N/A       100%        4
 Olgreb's Toxic Radiance  Pois           0%         N/A       100%        4
 Agony                    Necr           0%         N/A       100%        5
 Freezing Cloud           Conj/Ice/Air   0%         6-21      100%        5
 Silence                  Hex/Air        0%         N/A       100%        5
 Lehudib's Crystal Spear  Conj/Erth      0%         10d2      100%        8


Dungeon Overview and Level Annotations

Branches:
Dungeon (12/15)            Temple (0/1) D:7            Lair (5/5) D:10
 Shoals (0/4) Lair:3       Spider (1/4) Lair:3        Slime (0/5) Lair:4
    Orc (0/2) D:12

Shops:
D:3 (   D:7 *   D:9 (

Annotations:
D:8 3 runed translucent doors, Alliumium's ghost, journeyman MiFi; Arex's ghost, journeyman HOHu; Clumpoid's ghost, novice GnFi; Persephone's ghost, novice DEHu; Tollund's ghost, novice HOFE
D:9 3 runed translucent doors, voltaire321's ghost, journeyman MfAr
D:12 2 transporters, Plazmod's ghost, journeyman DECj
Lair:2 1 runed translucent door, HypermagicGuardian's ghost, journeyman MiBe
Lair:4 2 transporters, Fiha's ghost, journeyman VSTm


Innate Abilities, Weirdness & Mutations

You have an increased reservoir of magic. (+10% MP)
You shall have no god before yourself.
Your divine heritage dramatically boosts your attributes as you level up.
You do not regenerate when monsters are visible.


Message History

The entropy weaver barely misses you. The entropy weaver hits you!
The entropy weaver barely misses you. The entropy weaver hits you!
* * * LOW HITPOINT WARNING * * *
You hit the entropy weaver.
The entropy weaver looks as sick as possible!
The entropy weaver is almost dead.
You kill the entropy weaver!
The redback bites you!
* * * LOW HITPOINT WARNING * * *
Your Armour skill increases to level 10!
You hit the redback.
The redback is lightly wounded.
The redback bites you.
* * * LOW HITPOINT WARNING * * *
You hit the redback.
The redback is poisoned.
The redback is moderately wounded.
The redback bites you but does no damage.
You block the redback's attack.
You hit the redback.
The redback is moderately wounded.
You block the redback's attack.
You closely miss the redback.
The redback is heavily wounded.
You block the redback's attack.
The redback bites you but does no damage.
You hit the redback.
The redback is severely wounded.
The redback bites you.
* * * LOW HITPOINT WARNING * * *
The redback closely misses you.
You closely miss the redback.
The redback is severely wounded.
The redback bites you!
* * * LOW HITPOINT WARNING * * *
You barely miss the redback.
The redback is almost dead.
The redback bites you.
* * * LOW HITPOINT WARNING * * *
The redback bites you.
You die...

##......#.# ....##
#.######.## ......# #.#
##.##### ....... ###.####
#..#... .....^.
#......####....<.
.........##.......####...
........ #........# #...
.......###........# ##..
......(s@.........# ..#
#...(.###.[.......# ..#
.(... #.........## ...
##.. ##.......## ...# #.
#......## # ###...##
#####


You could see a redback (very poisoned).

Vanquished Creatures
  Rupert (Lair:5)
  An entropy weaver (Spider:1)
  Snorg (Lair:4)
  2 hydras
  A boulder beetle (Lair:1)
  A two-headed ogre (D:12)
  Erica (Lair:1)
  17 death yaks
  A fire crab (Lair:5)
  Amaemon (D:10)
  A deep elf pyromancer (D:12)
  A wolf spider (Lair:2)
  4 black mambas
  9 elephants (Lair:5)
  A torpor snail (Lair:5)
  14 cane toads
  2 orange demons
  3 unseen horrors
  3 gargoyles
  Maggie (D:7)
  8 komodo dragons
  2 hellwings (D:11)
  A red devil (D:11)
  A merfolk (Lair:3)
  4 trolls
  6 polar bears (Lair:5)
  4 hornets
  8 blink frogs
  2 slime creatures
  2 dream sheep (Lair:5)
  A shadow (D:11)
  4 wyverns
  2 vampires
  12 spriggans (Lair:5)
  2 wraiths (D:11)
  Eustachio (D:4)
  A basilisk (Lair:1)
  13 yaks
  2 steam dragons
  3 vampire mosquitoes
  5 redbacks
  Duvessa (D:5)
  12 water moccasins
  4 orc warriors
  3 ice beasts
  6 black bears
  6 ogres
  2 centaurs (D:8)
  26 wolves
  5 boggarts (Lair:5)
  2 phantoms
  2 kobold brigands
  12 bullfrogs
  2 necrophages (D:5)
  5 scorpions
  A gnoll sergeant (D:12)
  5 wights (D:7)
  Dowan (D:5)
  10 killer bees
  An electric eel (Lair:4)
  4 howler monkeys
  5 quasits (D:11)
  8 hounds
  11 jellies
  A gnoll bouda (D:8)
  9 orc priests
  4 iguanas
  14 orc wizards
  Natasha (thrice) (D:4)
  17 gnolls
  2 adders (D:2)
  An ufetubus (D:4)
  2 worms
  3 dart slugs
  69 orcs
  10 endoplasms
  A giant cockroach (D:1)
  8 goblins
  12 hobgoblins
  7 jackals
  19 kobolds
  4 quokkas
  5 ball pythons
  2 bats
  4 frilled lizards
  5 rats
486 creatures vanquished.

Vanquished Creatures (others)
  3 demonic plants (D:11)
  20 fungi
  29 plants
52 creatures vanquished.

Grand Total: 538 creatures vanquished

Notes
Turn   | Place    | Note
-------+----------+-------------------------------------------
     0 | D:1      | Kazon the Demigod Fighter began the quest for the Orb.
     0 | D:1      | Reached XP level 1. HP: 18/18 MP: 3/3
    46 | D:1      | Identified a scroll of acquirement
    46 | D:1      | Acquired the +0 pair of gloves of the Wasteland {Rampage
                  | Slay+3}
   271 | D:1      | Reached XP level 2. HP: 25/25 MP: 4/4
   610 | D:2      | Reached XP level 3. HP: 26/30 MP: 5/5
   657 | D:3      | Found Umat's Antique Weapon Boutique.
   808 | D:2      | Reached skill level 1 in Dodging
   964 | D:2      | Reached XP level 4. HP: 38/38 MP: 6/6
  1286 | D:3      | Bought a crude falchion for 184 gold pieces
  1286 | D:3      | Identified the +3 falchion of Winter {venom, rCorr} (You
                  | bought it in a shop on level 3 of the Dungeon)
  1743 | D:4      | Noticed Eustachio
  1755 | D:4      | Killed Eustachio
  1756 | D:4      | Reached skill level 1 in Throwing
  1756 | D:4      | Reached XP level 5. HP: 36/45 MP: 7/7
  1910 | D:4      | Noticed an ogre
  1917 | D:4      | Killed an ogre
  1918 | D:4      | Reached XP level 6. HP: 52/52 MP: 8/8
  1954 | D:4      | Reached skill level 1 in Evocations
  1995 | D:4      | Noticed Natasha
  1999 | D:4      | Killed Natasha
  2226 | D:4      | Reached XP level 7. HP: 52/59 MP: 9/9
  2226 | D:4      | Noticed Natasha
  2241 | D:4      | Killed Natasha
  2303 | D:4      | Noticed Natasha
  2314 | D:4      | Killed Natasha
  2315 | D:4      | Reached skill level 5 in Long Blades
  2692 | D:5      | Entered Level 5 of the Dungeon
  2802 | D:5      | Reached XP level 8. HP: 67/67 MP: 10/10
  2961 | D:5      | Reached skill level 5 in Fighting
  3229 | D:5      | Noticed Dowan
  3239 | D:5      | Killed Dowan
  3258 | D:5      | Noticed Duvessa
  3275 | D:5      | Killed Duvessa
  3463 | D:6      | Found the +6 shillelagh "Devastator" {shatter}
  3666 | D:6      | Reached XP level 9. HP: 74/74 MP: 11/11
  4109 | D:7      | Reached skill level 1 in Stealth
  4114 | D:7      | Reached skill level 5 in Armour
  4152 | D:7      | Reached skill level 1 in Maces & Flails
  4204 | D:7      | Found Binerhev's Lightly-Used Armoury.
  4281 | D:7      | Found a staircase to the Ecumenical Temple.
  4443 | D:7      | Reached skill level 2 in Maces & Flails
  4670 | D:7      | Noticed Maggie
  4679 | D:7      | Killed Maggie
  5160 | D:8      | Reached skill level 3 in Maces & Flails
  5253 | D:8      | Reached skill level 5 in Evocations
  5253 | D:8      | Reached XP level 10. HP: 75/84 MP: 13/13
  5258 | D:8      | Reached skill level 4 in Maces & Flails
  5266 | D:8      | Found a runed translucent gate.
  5267 | D:8      | Found a runed translucent gate.
  5267 | D:8      | Found a runed translucent gate.
  5424 | D:8      | Reached skill level 5 in Maces & Flails
  5530 | D:8      | Reached skill level 6 in Maces & Flails
  5562 | D:8      | Identified the +6 great sword of the Gloaming {distort, rC+
                  | Will+ Dex+4}
  5793 | D:8      | Noticed Tollund's ghost (novice HOFE)
  5793 | D:8      | Noticed Persephone's ghost (novice DEHu)
  5794 | D:8      | Noticed Arex's ghost (journeyman HOHu)
  5794 | D:8      | Noticed Clumpoid's ghost (novice GnFi)
  5794 | D:8      | Noticed Alliumium's ghost (journeyman MiFi)
  6167 | D:9      | Found a runed translucent gate.
  6168 | D:9      | Found a runed translucent gate.
  6169 | D:9      | Found a runed translucent gate.
  6255 | D:9      | Noticed voltaire321's ghost (journeyman MfAr)
  6305 | D:9      | Found Sudgh's Antique Weapon Shop.
  6390 | D:10     | Entered Level 10 of the Dungeon
  6408 | D:10     | Reached skill level 7 in Maces & Flails
  6532 | D:10     | Noticed Amaemon
  6538 | D:10     | Killed Amaemon
  6687 | D:10     | Noticed a death yak
  6687 | D:10     | Noticed a death yak
  6695 | D:10     | Noticed a death yak
  6700 | D:10     | Killed a death yak
  6701 | D:10     | Reached XP level 11. HP: 81/93 MP: 14/14
  6707 | D:10     | Killed a death yak
  6708 | D:10     | Reached skill level 8 in Maces & Flails
  6708 | D:10     | Noticed a death yak
  6710 | D:10     | Noticed a death yak
  6717 | D:10     | Killed a death yak
  6718 | D:10     | Killed a death yak
  6720 | D:10     | Killed a death yak
  6738 | D:10     | Found a staircase to the Lair.
  6799 | D:10     | Reached skill level 9 in Maces & Flails
  6959 | Lair:1   | Entered Level 1 of the Lair of Beasts
  7208 | Lair:1   | Noticed Erica
  7220 | Lair:1   | Killed Erica
  7561 | Lair:1   | Noticed a seven-headed hydra
  7567 | Lair:1   | Killed a three-headed hydra
  7804 | Lair:2   | Noticed a death yak
  7805 | Lair:2   | Noticed a death yak
  7808 | Lair:2   | Noticed a death yak
  7809 | Lair:2   | Noticed a death yak
  7818 | Lair:1   | Killed a death yak
  7841 | Lair:2   | Noticed a boulder beetle
  7904 | Lair:1   | Killed a boulder beetle
  7905 | Lair:1   | Reached XP level 12. HP: 61/104 MP: 15/15
  8027 | Lair:2   | Found a runed translucent door.
  8029 | Lair:2   | Noticed HypermagicGuardian's ghost (journeyman MiBe)
  8033 | Lair:2   | Identified the +7 spear of Nidonaen {spect, rF+ rC+++ Will-
                  | Str-4}
  8054 | Lair:2   | You fall into a shaft and drop 1 floor!
  8162 | Lair:2   | Reached skill level 10 in Maces & Flails
  8349 | Lair:2   | Reached skill level 5 in Shields
  8906 | Lair:3   | Found a staircase to the Shoals.
  9513 | Lair:3   | Found a hole to the Spider Nest.
  9827 | Lair:4   | Found a staircase to the Slime Pits.
  9992 | Lair:4   | Reached skill level 10 in Fighting
 10221 | Lair:4   | Reached skill level 5 in Throwing
 10227 | Lair:4   | Reached skill level 11 in Maces & Flails
 10310 | Lair:4   | Found a transporter.
 10313 | Lair:4   | Noticed a seven-headed hydra
 10314 | Lair:4   | Noticed Fiha's ghost (journeyman VSTm)
 10337 | Lair:4   | Found a transporter.
 10360 | Lair:4   | Reached XP level 13. HP: 96/113 MP: 16/16
 10552 | Lair:4   | Noticed Snorg
 10563 | Lair:4   | Killed Snorg
 10817 | Lair:5   | Entered Level 5 of the Lair of Beasts
 11174 | Lair:5   | Noticed Rupert
 11177 | Lair:5   | Paralysed by Rupert for 2 turns
 11189 | Lair:5   | Killed Rupert
 11545 | Lair:5   | Gained mutation: Potions are less effective at restoring
                  | your health. [potion of mutation]
 11546 | Lair:5   | Lost mutation: Potions are less effective at restoring your
                  | health. [potion of mutation]
 11546 | Lair:5   | Gained mutation: Armour fits poorly on your strangely
                  | shaped body. [potion of mutation]
 11677 | Lair:5   | Identified the ring of Propriety {Fly rElec Will+}
 11707 | Lair:5   | Reached skill level 12 in Maces & Flails
 12995 | D:12     | Found a gate leading to a gauntlet.
 13029 | D:12     | Lost mutation: Armour fits poorly on your strangely shaped
                  | body. [potion of mutation]
 13029 | D:12     | Gained mutation: You do not regenerate when monsters are
                  | visible. [potion of mutation]
 13056 | D:12     | Found a staircase to the Orcish Mines.
 13169 | D:12     | Noticed Plazmod's ghost (journeyman DECj)
 13355 | D:12     | Found a transporter.
 13355 | D:12     | Found a transporter.
 13667 | Spider:1 | Entered Level 1 of the Spider Nest
 13701 | Spider:1 | Noticed an entropy weaver
 13719 | Spider:1 | Killed an entropy weaver
 13720 | Spider:1 | Reached skill level 10 in Armour
 13725 | Spider:1 | HP: 4/116 [redback (8)]
 13726 | Spider:1 | Slain by a redback

Illustrated notes

Levels and vault maps discovered:
D:1:      dpeg_arrival_three_smaller_balls, layout_basic
D:2:      layout_loops_ring
D:3:      layout_basic, serial_shops, nicolae_shop_stone, st_stairs_7
D:4:      minmay_razor_zed, layout_basic, worldfamousw_hep_ancestral_shrine,
          uniq_eustachio, uniq_natasha
D:5:      layout_basic, uniq_duvessa
D:6:      layout_rooms, dilly_guarded_unrand_devastator
D:7:      layout_basic, nicolae_uskayaw_dance_hall,
          mainiacjoe_overflow_six_doors_small,
          minmay_temple_entry_drinking_statues, serial_rivers,
          chequers_serial_rivers_micro_b, chequers_serial_rivers_small_a,
          chequers_serial_rivers_small_a, chequers_serial_rivers_large_a,
          chequers_serial_rivers_micro_a, minmay_shop_damaged, uniq_maggie
D:8:      minmay_tri_box, layout_loops_ring, gammafunk_ghost_cemetery,
          minmay_manual_mares
D:9:      layout_gridville, serial_shops, nicolae_take_the_stairs,
          gammafunk_ghost_ooze, minivault_11
D:10:     layout_roguey, dpeg_lair_monsters, uniq_amaemon
D:11:     layout_cave_pods, serial_demonic, serial_demonic_e, serial_demonic_f,
          serial_demonic_c, serial_demonic_f
D:12:     layout_roguey, david_orc_2, gauntlet_entry_generic,
          gammafunk_ghost_wrathful_warriors
Lair:1:   layout_long_grid, patterned_corridor, grunt_megastairs_3,
          lemuel_fruit_tree, uniq_erica
Lair:2:   layout_gridlike, ebering_ghost_funeral_grove,
          nicolae_lair_run_with_the_wolves, serial_bayou_shore_b
Lair:3:   layout_layer_cave, elwin_shoals_entry_rooms, spider_nest_entry_webs
Lair:4:   layout_layer_cave, minmay_slime_entry_jelly_boxes,
          gammafunk_ghost_berserking_beasts, serial_bayou_shore_b,
          infiniplex_staircase_pool, lemuel_fruit_fields, serial_bayou_shore_a,
          uniq_snorg
Lair:5:   minmay_lair_end_enchanted_forest, layout_regular_city, serial_rivers,
          chequers_serial_rivers_small_3, chequers_serial_rivers_micro_e,
          chequers_serial_rivers_micro_e, chequers_serial_rivers_room_b,
          uniq_rupert
Spider:1: layout_chambers, nicolae_spider_undead_wolf_pack

Skill      XL: |  1  2  3  4  5  6  7  8  9 10 11 12 13 |
---------------+----------------------------------------+-----
Long Blades    | 2 3 4 5 6 7 8 |  8.6
Armour         | 3 4 5 6 7 8 10 | 10.0
Shields        | 3 4 5 |  5.7
Dodging        | 1 2 3 4 |  4.4
Fighting       | 3 4 5 6 7 9 10 11 | 11.4
Throwing       | 1 2 3 4 5 6 |  6.3
Evocations     | 1 2 3 5 6 7 8 9 |  9.9
Stealth        | 1 2 |  2.7
Maces & Flails | 3 7 9 11 12 | 12.3
Short Blades   | |  0.5

Action                   |  1- 3 |  4- 6 |  7- 9 | 10-12 | 13-15 || total
-------------------------+-------+-------+-------+-------+-------++-------
Melee: Long sword        |    60 |       |       |       |       ||    60
       Dagger            |    20 |    14 |       |       |       ||    34
       Falchion          |       |   118 |   169 |   111 |    32 ||   430
       Shillelagh        |       |       |    77 |   242 |   206 ||   525
       Scimitar          |       |       |       |    20 |     7 ||    27
       Demon whip        |       |       |       |       |     4 ||     4
Throw: Stone             |       |     2 |       |    86 |    48 ||   136
       Dart              |       |    14 |    26 |    35 |    28 ||   103
       Boomerang         |       |       |       |       |    14 ||    14
       Throwing net      |       |       |       |       |     1 ||     1
Evoke: Wand              |       |       |       |     1 |     4 ||     5
  Use: Scroll            |     1 |       |       |     8 |     8 ||    17
       Potion            |       |       |       |     1 |     3 ||     4
 Stab: Held in net/web   |       |       |       |       |     1 ||     1
Armor: Scale mail        |    46 |    71 |    74 |   116 |       ||   307
       Plate armour      |       |       |       |    20 |   134 ||   154
Dodge: Dodged            |    46 |    47 |   103 |   115 |    82 ||   393
Block: Buckler           |    13 |    32 |    45 |    57 |    45 ||   192
       Kite shield       |       |       |       |       |    20 ||    20
